Map: Deathaura LE

Players

Silky - Winner!

  • Race: Zerg Zerg
  • Spawn Location: 5:00

FireFoX

  • Race: Zerg Zerg
  • Spawn Location: 11:00

Event: DreamHack SC2 Masters 2020 Summer North America

VOD

Have the link to the VOD?

Description

Time

  • Played on: July 3, 2020, 3:32 p.m.
  • Length: 12:01

All games in this series

Show
View Real Time Build Order
Export as new Build Order

Silky Zerg - Winner!

Build Orders: Pool First 

Get SALT Encoding   

  12  0:00  Drone  
  13  0:12  Overlord  
  13  0:18  Drone  
  14  0:30  Drone  
  14  0:31  Drone  
  16  0:40  Spawning Pool  
  15  0:44  Drone  
  15  0:47  Drone  
  17  1:08  Hatchery  
  17  1:10  Drone  
  17  1:25  Extractor  
  16  1:27  Zergling x4  
  16  1:28  Zergling x2  
  16  1:32  Queen  
  21  1:38  Overlord  
  21  1:49  Drone  
  22  2:00  Drone  
  23  2:08  Queen  
  25  2:13  Spine Crawler  
  24  2:16  Baneling Nest  
  24  2:18  Drone  
  24  2:23  Zergling x4  
  26  2:32  Zergling x4  
  27  2:41  Zergling x6  
  28  2:49  Drone x2  
  29  2:59  Metabolic Boost  
  29  3:16  Hatchery  
  29  3:18  Baneling  
  28  3:20  Drone  
  28  3:24  Drone  
  30  3:33  Overlord  
  29  3:36  Drone, Extractor  
  29  3:39  Spore Crawler  
  29  3:41  Drone  
  31  3:52  Drone  
  31  3:53  Drone x2  
  34  4:05  Hatchery  
  33  4:15  Drone x3  
  36  4:24  Overlord  
  35  4:35  Drone x3  
  35  4:36  Evolution Chamber  
  37  4:39  Drone x2  
  37  4:43  Drone  
  40  4:50  Drone  
  40  4:51  Roach Warren  
  40  4:54  Drone x2  
  42  5:00  Drone  
  42  5:01  Zerg Missile Weapons Level 1  
  42  5:05  Drone  
  44  5:09  Queen  
  44  5:12  Drone  
  47  5:17  Drone x3  
  50  5:25  Drone x5  
  53  5:35  Overlord  
  53  5:39  Drone x3, Extractor x2  
  54  5:44  Overlord  
  54  5:46  Zergling x4  
  54  5:47  Zergling x2  
  57  5:51  Overlord  
  57  5:52  Overlord  
  57  5:57  Roach x2  
  57  6:02  Roach x3  
  67  6:04  Overlord  
  67  6:10  Roach x2  
  71  6:14  Roach x2  
  71  6:17  Roach  
  71  6:18  Roach  
  79  6:22  Roach  
  79  6:23  Overlord  
  79  6:24  Roach x2  
  85  6:29  Roach x2  
  89  6:37  Roach x2  
  83  6:42  Roach x4  
  79  6:47  Roach  
  79  6:49  Zergling x4  
  73  6:55  Roach  
  73  6:59  Drone x2  
  73  7:03  Queen  
  76  7:08  Drone x3  
  76  7:14  Queen  
  80  7:17  Drone x2  
  77  7:25  Drone x3  
  74  7:31  Drone  
  74  7:33  Drone x2, Queen  
  79  7:41  Lair  
  79  7:42  Drone  
  80  7:49  Spine Crawler  
  79  7:53  Roach x3  
  79  7:55  Roach x2  
  89  8:01  Overlord  
  88  8:06  Overlord  
  88  8:08  Roach, Spine Crawler  
  88  8:10  Extractor  
  88  8:11  Roach  
  88  8:12  Roach x2  
  94  8:19  Drone  
  95  8:21  Drone x2  
  95  8:23  Overlord  
  97  8:28  Roach x4  
  105  8:35  Drone x2  
  105  8:38  Overseer  
  105  8:41  Glial Reconstitution, Overlord  
  107  8:45  Drone x4  
  111  8:49  Roach, Extractor  
  111  8:55  Overlord  
  112  8:56  Roach x2  
  116  9:03  Drone x4  
  116  9:08  Spire  
  119  9:11  Extractor  
  119  9:15  Drone x4  
  119  9:16  Overseer  
  122  9:19  Drone x2  
  122  9:21  Drone  
  122  9:22  Drone  
  122  9:24  Overlord  
  126  9:31  Zerg Missile Weapons Level 2, Overlord  
  126  9:35  Drone x2  
  126  9:36  Drone  
  129  9:47  Hatchery, Roach x2  
  132  9:54  Overlord  
  132  9:55  Overlord x2  
  132  9:56  Roach  
  136  10:00  Roach x2  
  138  10:09  Overlord  
  138  10:19  Mutalisk x7  
  152  10:24  Overlord  
  152  10:29  Drone x2  
  152  10:30  Drone x3  
  152  10:31  Drone  
  152  10:34  Mutalisk  
  160  10:40  Mutalisk  
  162  10:43  Overlord  
  162  10:44  Overlord  
  162  10:47  Mutalisk  
  164  10:50  Extractor  
  164  10:52  Mutalisk  
  164  10:54  Extractor  
  164  10:55  Overlord  
  165  10:57  Drone  
  165  10:58  Mutalisk, Spine Crawler  
  166  11:10  Roach x3  
  166  11:11  Roach x4  
  166  11:19  Roach x6  
  166  11:24  Roach  
  166  11:25  Roach x2  
  162  11:29  Roach x3  
  144  11:35  Roach x2  
  144  11:36  Roach x2  
  144  11:39  Roach x2  
  146  11:41  Roach  
  146  11:42  Roach  
Show
View Real Time Build Order
Export as new Build Order

FireFoX Zerg 

Build Orders: Pool First 

Get SALT Encoding   

  12  0:01  Drone  
  13  0:09  Extractor  
  12  0:25  Spawning Pool  
  11  0:30  Drone  
  12  0:36  Drone  
  13  0:47  Overlord  
  13  1:12  Metabolic Boost, Zergling x4  
  13  1:13  Zergling x2  
  16  1:23  Zergling x2  
  17  1:34  Zergling x2  
  18  1:44  Zergling x2  
  19  1:50  Hatchery  
  18  1:56  Zergling x2  
  19  2:11  Queen  
  19  2:13  Zergling x2  
  22  2:24  Overlord  
  22  2:32  Overlord  
  22  2:42  Drone  
  22  2:49  Drone  
  22  2:53  Queen  
  23  3:01  Drone  
  23  3:05  Queen  
  24  3:10  Drone  
  25  3:20  Drone  
  25  3:21  Drone x2  
  28  3:27  Drone  
  29  3:39  Drone x2  
  29  3:40  Drone x2  
  33  3:49  Drone x2  
  35  3:57  Roach Warren  
  34  4:06  Drone  
  35  4:14  Evolution Chamber  
  33  4:25  Lair  
  33  4:26  Drone x4  
  33  4:27  Drone  
  38  4:37  Drone x4  
  42  4:49  Overlord  
  42  4:50  Extractor x2  
  40  4:56  Drone x3  
  40  4:57  Overlord  
  43  5:07  Overlord  
  42  5:27  Nydus Network  
  41  5:30  Overlord  
  41  5:31  Roach x3  
  41  5:32  Roach  
  49  5:38  Roach x2  
  53  5:45  Roach x2  
  53  5:49  Roach  
  59  5:54  Roach x5  
  69  6:02  Roach  
  71  6:05  Nydus Canal  
  71  6:06  Roach  
  73  6:12  Roach  
  73  6:18  Evolution Chamber  
  74  6:20  Overlord  
  74  6:22  Nydus Canal  
  74  6:24  Overlord  
  74  6:43  Roach x3  
  74  6:44  Roach  
  78  6:48  Roach  
  74  6:54  Roach  
  74  6:59  Roach  
  66  7:03  Queen  
  66  7:08  Roach  
  66  7:09  Glial Reconstitution  
  66  7:10  Zerg Missile Weapons Level 1, Queen  
  66  7:11  Roach  
  70  7:17  Roach  
  70  7:20  Roach  
  54  7:30  Drone  
  54  7:31  Drone  
  56  7:39  Roach  
  56  7:43  Roach  
  60  7:50  Roach  
  62  7:53  Roach  
  64  8:00  Roach  
  66  8:06  Drone  
  66  8:15  Drone x3  
  66  8:17  Hatchery  
  66  8:18  Drone x2  
  66  8:19  Drone x3  
  73  8:22  Drone  
  74  8:28  Roach  
  74  8:29  Queen  
  74  8:33  Roach  
  80  8:39  Roach  
  82  8:43  Roach  
  82  8:48  Overlord  
  84  8:55  Overlord  
  84  9:01  Overseer  
  84  9:08  Roach  
  84  9:09  Roach x3  
  92  9:14  Roach x3  
  98  9:24  Roach  
  100  9:30  Roach x3  
  106  9:38  Overlord  
  106  9:39  Overlord x2  
  106  9:40  Overlord  
  106  9:44  Zerg Missile Weapons Level 2  
  106  9:57  Roach  
  106  9:58  Roach x7  
  122  10:02  Spire  
  121  10:08  Roach x3  
  121  10:11  Roach  
  129  10:17  Overlord x4  
  132  10:35  Roach  
  132  10:36  Roach x7  
  132  10:37  Roach x3  
  132  10:40  Roach  
  132  10:41  Roach x2  
  158  10:49  Roach x2  
  162  10:50  Overlord x2  
  162  11:02  Nydus Canal  
  162  11:06  Queen  
  162  11:07  Queen x2  
  160  11:14  Roach x2  
  160  11:15  Roach  
  162  11:22  Roach  
  162  11:23  Roach x5  
  148  11:25  Roach  
  148  11:27  Nydus Canal  
  148  11:30  Roach  
  148  11:31  Roach  
  128  11:34  Roach  
  128  11:39  Roach x2  
Tags
 
Add a new tag
Caveats
  • Supply blocks, unpowered buildings, or Contaminate may cause inaccurate times.
  • Supply counts are checked every 10 seconds.